Sasquatch vs Sewer Rats
Created - March 17, 2018 at 19:04
Goals
|
| Sasquatch |
0 |
2 |
2 |
0 |
4 |
| Sewer Rats |
0 |
2 |
2 |
1 |
5 |
|
Shots
|
| Sasquatch |
3 |
25 |
12 |
0 |
40 |
| Sewer Rats |
5 |
12 |
11 |
3 |
31 |
|
1st period
No Goal
Penalties :
Patrick Wey (Gat) for Hooking (Minor) at 4:34, Filip Forsberg (Gat) for Holding (Minor) at 7:30, John Ramage (Tol) for Roughing (Minor) at 11:38, Jarred Tinordi (Tol) for Holding (Minor) at 19:06
2nd period
1. Sasquatch , Brock Trotter 15 (Lauri Tukonen 19) at 9:47
2. Sasquatch , Matt Halischuk 18 (Nick Bjugstad 39, Brandon Gormley 36) at 10:18
3. Sewer Rats , Mark Mancari 29 (Jonathan Marchessault 33) at 11:27
4. Sewer Rats , Jonathan Huberdeau 23 (Martin Frk 22, John Ramage 6) at 12:34
Penalties :
No Penalty
3rd period
5. Sasquatch , Matt Halischuk 19 (Brandon Gormley 37, Jason Akeson 44) at 7:37
6. Sewer Rats , Ville Leino 45 (Jonathan Marchessault 34, Mark Mancari 44) at 12:22
7. Sewer Rats , Jonathan Huberdeau 24 (Martin Frk 23, Vincent Trocheck 22) at 14:41
8. Sasquatch , Drew Shore 38 (Brandon Gormley 38, Filip Forsberg 44) at 15:40
Penalties :
Vincent Trocheck (Tol) for High sticking (Minor) at 2:15
Overtime #1
9. Sewer Rats , Matt Lashoff 11 (Jonathan Huberdeau 17, Daniel Carr 8) at 2:20
Penalties :
No Penalty
Goalie Stats
Corey Crawford (Gat), 26 saves from 31 shots - (0.839), OTL, 29-13-5, 62:20 minutes
Richard Bachman (Tol), 36 saves from 40 shots - (0.900), W, 18-17-0, 62:20 minutes
Players Stats for Sasquatch
Player Name G A P +/- PIM S H SB GA TA FO MP PP MP PK MP
------------------------------------------------------------------------------------
Brandon Gormley 0 3 3 -1 0 1 3 4 0 0 0/0 30:55 3:56 1:38
Brock Trotter 1 0 1 -1 0 3 3 1 0 0 0/0 12:55 0:00 0:35
Drew Shore 1 0 1 -1 0 5 2 0 1 0 16/37 22:19 3:06 1:52
Filip Forsberg 0 1 1 -1 2 2 2 1 2 1 2/2 21:14 3:06 0:00
Jason Akeson 0 1 1 -1 0 6 5 1 0 0 0/1 20:06 3:06 0:00
Jason Zucker 0 0 0 1 0 0 1 0 2 1 0/1 17:38 2:51 0:00
Lauri Tukonen 0 1 1 -1 0 2 2 0 0 0 1/1 14:08 0:00 1:55
Martin Marincin 0 0 0 -1 0 1 2 1 1 1 0/0 18:15 2:08 2:20
Matt Halischuk 2 0 2 2 0 7 2 0 2 1 0/1 15:10 0:00 1:28
Matt Taormina 0 0 0 1 0 0 2 1 0 0 0/0 23:54 1:31 2:20
Melker Karlsson 0 0 0 -1 0 3 0 2 0 0 1/9 12:20 0:00 0:00
Nick Bjugstad 0 1 1 2 0 3 2 0 1 0 3/12 17:31 2:51 0:00
Nick Leddy 0 0 0 0 0 1 1 1 0 0 0/0 26:20 4:17 0:52
Patrick Wey 0 0 0 0 2 0 0 0 0 0 0/0 3:23 0:00 0:46
Petr Straka 0 0 0 0 0 1 0 0 0 1 0/0 10:08 2:51 0:00
Sergey Kalinin 0 0 0 0 0 1 1 3 0 0 2/5 8:35 0:00 1:28
Slava Voynov 0 0 0 -1 0 3 1 1 0 1 0/0 22:03 0:02 0:00
Teemu Hartikainen 0 0 0 -1 0 1 1 0 0 1 0/0 8:26 0:00 0:38
Players Stats for Sewer Rats
Player Name G A P +/- PIM S H SB GA TA FO MP PP MP PK MP
------------------------------------------------------------------------------------
Daniel Carr 0 1 1 1 0 3 0 0 0 0 0/0 7:51 0:00 0:00
Dmitrij Jaskin 0 0 0 0 0 1 2 0 0 0 0/0 6:45 0:00 0:00
Jared Boll 0 0 0 -2 0 2 1 0 0 2 3/3 17:50 1:46 1:37
Jarred Tinordi 0 0 0 0 2 3 1 0 0 3 0/0 20:14 1:28 2:10
Joel Edmundson 0 0 0 2 0 0 0 0 0 0 0/0 10:27 0:00 0:16
John Ramage 0 1 1 2 2 0 1 1 0 0 0/0 9:23 0:00 0:00
Jonathan Huberdeau 2 1 3 1 0 6 2 0 1 0 2/4 14:19 0:00 0:50
Jonathan Marchessault 0 2 2 2 0 1 0 0 0 2 22/37 18:41 2:12 0:00
Jonathan Racine 0 0 0 0 0 0 1 0 0 0 0/0 4:11 0:00 0:00
Mark Mancari 1 1 2 2 0 3 2 2 0 0 1/2 23:30 2:12 3:30
Martin Frk 0 2 2 0 0 1 1 0 0 0 0/0 12:19 0:00 0:00
Matt Lashoff 1 0 1 -1 0 3 2 6 0 1 0/0 27:56 2:30 3:31
Mattias Ekholm 0 0 0 -1 0 1 0 0 1 1 0/0 27:56 2:30 3:31
Nick Cousins 0 0 0 0 0 0 0 0 0 0 3/3 6:45 0:00 0:00
Ryan Murphy 0 0 0 0 0 0 0 0 0 0 0/0 4:11 0:00 0:00
Steven Kampfer 0 0 0 0 0 0 1 1 1 0 0/0 20:52 1:28 2:26
Ville Leino 1 0 1 2 0 2 1 0 0 0 3/6 23:30 2:12 3:30
Vincent Trocheck 0 1 1 -2 2 1 0 0 0 0 6/7 15:25 1:46 0:00
William Karlsson 0 0 0 0 0 1 0 0 0 0 4/6 13:29 0:00 0:50
Xavier Ouellet 0 0 0 0 0 0 0 0 0 0 0/0 0:00 0:00 0:00
Zach Boychuk 0 0 0 -2 0 3 1 1 4 0 0/1 17:46 1:46 1:37
3 Stars
1 - Jonathan Huberdeau (Tol)
2 - Matt Halischuk (Gat)
3 - Mark Mancari (Tol)
Power Play
Sasquatch - 0 on 3 Attempt(s) - 0.00%
Sewer Rats - 0 on 2 Attempt(s) - 0.00%
Penalty Kill
Sasquatch - 2 on 2 Attempt(s) - 100.00%
- Score 0 goal in Penalty Kill
Sewer Rats - 3 on 3 Attempt(s) - 100.00%
- Score 0 goal in Penalty Kill
Team Stat
Sasquatch - Hits : 30 - Faceoff Wins : 25 - Blocked Shots : 16 - Penalty Minutes : 4
Sewer Rats - Hits : 16 - Faceoff Wins : 44 - Blocked Shots : 11 - Penalty Minutes : 6
Official
Referees : Pochmara Brian and Morton Dean
Linesman : Mike Cvik and Jean Morin
Game Notes
Patrick Wey is injured at 10:09 of 1st period (Sore Left Knee)
Finance
Level 1 -- Attendance: 1356 (67.80%) -- Ticket Income $47,460
Level 2 -- Attendance: 786 (78.60%) -- Ticket Income $13,362
Total Attendance: 2142 (71.40%)
Total Ticket Income: $60,822
Other Income: $3,041
Total Income: $63,863
Sasquatch
5 vs 5 Forward
Center Left Wing Right Wing Time % Phy DF OF
1 Drew Shore Filip Forsberg Jason Akeson 40 1 2 2
2 Nick Bjugstad Jason Zucker Matt Halischuk 30 1 2 2
3 Melker Karlsson Brock Trotter Lauri Tukonen 20 1 2 2
4 Sergey Kalinin Teemu Hartikainen Petr Straka 10 1 2 2
5 vs 5 Defense
Defense Defense Time % Phy DF OF
1 Patrick Wey Nick Leddy 40 1 2 2
2 Brandon Gormley Matt Taormina 30 1 2 2
3 Martin Marincin Slava Voynov 20 1 2 2
4 Slava Voynov Matt Taormina 10 1 2 2
PowerPlay Forward
Center Left Wing Right Wing Time % Phy DF OF
1 Drew Shore Filip Forsberg Jason Akeson 60 1 2 2
2 Nick Bjugstad Jason Zucker Petr Straka 40 1 2 2
PowerPlay Defense
Defense Defense Time % Phy DF OF
1 Nick Leddy Patrick Wey 60 1 2 2
2 Brandon Gormley Matt Taormina 40 1 2 2
Penalty Kill 4 Players Forward
Center Wing Time % Phy DF OF
1 Drew Shore Lauri Tukonen 60 1 2 2
2 Sergey Kalinin Matt Halischuk 40 1 2 2
Penalty Kill 4 Players Defense
Defense Defense Time % Phy DF OF
1 Martin Marincin Matt Taormina 60 1 2 2
2 Brandon Gormley Patrick Wey 40 1 2 2
Penalty Kill - 3 Players Forward
Forward Time % Phy DF OF
1 Sergey Kalinin 60 1 2 2
2 Brock Trotter 40 1 2 2
Penalty Kill - 3 Players Defense
Defense Defense Time % Phy DF OF
1 Matt Taormina Brandon Gormley 60 1 2 2
2 Martin Marincin Patrick Wey 40 1 2 2
4 vs 4 Forward
Center Wing Time % Phy DF OF
1 Nick Bjugstad Filip Forsberg 60 1 2 2
2 Drew Shore Jason Zucker 40 1 2 2
4 vs 4 Defense
Defense Defense Time % Phy DF OF
1 Brandon Gormley Patrick Wey 60 1 2 2
2 Nick Leddy Martin Marincin 40 1 2 2
Last Minutes Offensive
Center Left Wing Right Wing Defense Defense
Drew Shore Filip Forsberg Jason Akeson Brandon Gormley Nick Leddy
Last Minutes Defensive
Center Left Wing Right Wing Defense Defense
Drew Shore Filip Forsberg Matt Halischuk Martin Marincin Matt Taormina
Goaltenders
Starting : Corey Crawford
Backup : Joonas Korpisalo
Extra Forwards
Normal : Jason Zucker, Petr Straka, Teemu Hartikainen - PP : Jason Zucker, Melker Karlsson - PK : Teemu Hartikainen
Extra Defensemen
Normal : Brandon Gormley, Slava Voynov, Nick Leddy - PP : Brandon Gormley - PK : Nick Leddy, Slava Voynov
Penalty Shots
Jason Akeson, Jason Zucker, Nick Leddy, Filip Forsberg, Lauri Tukonen
Scratches
Andy Andreoff (Healthy), T.J. Tynan (Healthy), Nicolas Deslauriers (Healthy), Ty Rattie (Healthy), Joey Laleggia (Healthy)
Andrew Campbell (Healthy), Jack Campbell (Healthy)
Sewer Rats
5 vs 5 Forward
Center Left Wing Right Wing Time % Phy DF OF
1 Jonathan Marchessault Ville Leino Mark Mancari 40 1 2 2
2 Vincent Trocheck Zach Boychuk Jared Boll 30 1 2 2
3 William Karlsson Jonathan Huberdeau Martin Frk 20 1 2 2
4 Nick Cousins Daniel Carr Dmitrij Jaskin 10 1 2 2
5 vs 5 Defense
Defense Defense Time % Phy DF OF
1 Matt Lashoff Mattias Ekholm 40 1 2 2
2 Steven Kampfer Jarred Tinordi 30 1 2 2
3 Joel Edmundson John Ramage 20 1 2 2
4 Ryan Murphy Jonathan Racine 10 1 2 2
PowerPlay Forward
Center Left Wing Right Wing Time % Phy DF OF
1 Jonathan Marchessault Ville Leino Mark Mancari 60 1 2 2
2 Vincent Trocheck Zach Boychuk Jared Boll 40 1 2 2
PowerPlay Defense
Defense Defense Time % Phy DF OF
1 Matt Lashoff Mattias Ekholm 60 1 2 2
2 Steven Kampfer Jarred Tinordi 40 1 2 2
Penalty Kill 4 Players Forward
Center Wing Time % Phy DF OF
1 Ville Leino Mark Mancari 60 1 2 2
2 Zach Boychuk Jared Boll 40 1 2 2
Penalty Kill 4 Players Defense
Defense Defense Time % Phy DF OF
1 Matt Lashoff Mattias Ekholm 60 1 2 2
2 Steven Kampfer Jarred Tinordi 40 1 2 2
Penalty Kill - 3 Players Forward
Forward Time % Phy DF OF
1 Ville Leino 60 1 2 2
2 Mark Mancari 40 1 2 2
Penalty Kill - 3 Players Defense
Defense Defense Time % Phy DF OF
1 Matt Lashoff Mattias Ekholm 60 1 2 2
2 Steven Kampfer Jarred Tinordi 40 1 2 2
4 vs 4 Forward
Center Wing Time % Phy DF OF
1 Ville Leino Mark Mancari 60 1 2 2
2 Zach Boychuk Jared Boll 40 1 2 2
4 vs 4 Defense
Defense Defense Time % Phy DF OF
1 Matt Lashoff Mattias Ekholm 60 1 2 2
2 Steven Kampfer Jarred Tinordi 40 1 2 2
Last Minutes Offensive
Center Left Wing Right Wing Defense Defense
Jonathan Marchessault Ville Leino Mark Mancari Matt Lashoff Mattias Ekholm
Last Minutes Defensive
Center Left Wing Right Wing Defense Defense
Jonathan Marchessault Ville Leino Mark Mancari Matt Lashoff Mattias Ekholm
Goaltenders
Starting : Richard Bachman
Backup : Marek Mazanek
Extra Forwards
Normal : Jonathan Huberdeau, Daniel Carr, William Karlsson - PP : Jonathan Huberdeau, Daniel Carr - PK : William Karlsson
Extra Defensemen
Normal : Xavier Ouellet, Joel Edmundson, John Ramage - PP : Xavier Ouellet - PK : Joel Edmundson, John Ramage
Penalty Shots
Ville Leino, Mark Mancari, Zach Boychuk, Jared Boll, Jonathan Marchessault
Scratches
Connor Carrick (Healthy), Josh Archibald (Healthy), Joseph Blandisi (Healthy), Chris Calhan (Healthy), Tom Sestito (Healthy)
Sergei Kostenko (Healthy)
% Time on Ice - Sasquatch
Lines # - Real PCT - Wanted PCT - Time Play
Normal Forward
1 - 34% - 40% - 17:07
2 - 28% - 30% - 13:47
3 - 25% - 20% - 12:20
4 - 14% - 10% - 6:51
Normal Defense
1 - 45% - 40% - 22:29
2 - 29% - 30% - 14:38
3 - 19% - 20% - 9:17
4 - 7% - 10% - 3:41
PP Forward
1 - 52% - 60% - 3:06
2 - 48% - 40% - 2:51
PP Defense
1 - 84% - 60% - 4:59
2 - 16% - 40% - 0:58
PK Forward
1 - 63% - 60% - 2:30
2 - 37% - 40% - 1:28
PK Defense
1 - 59% - 60% - 2:20
2 - 41% - 40% - 1:38
PK3 Forward
1 - 0% - 60%
2 - 0% - 40%
PK3 Defense
1 - 0% - 60%
2 - 0% - 40%
44 Forward
1 - 81% - 60% - 1:53
2 - 19% - 40% - 0:27
44 Defense
1 - 56% - 60% - 1:19
2 - 44% - 40% - 1:01
Last Minute Offensive - 0:00
Last Minute Defensive - 0:00
Total
Forward - 62:20
Defense - 62:20
|
% Time on Ice - Sewer Rats
Lines # - Real PCT - Wanted PCT - Time Play
Normal Forward
1 - 34% - 40% - 16:56
2 - 28% - 30% - 14:05
3 - 25% - 20% - 12:19
4 - 13% - 10% - 6:45
Normal Defense
1 - 41% - 40% - 20:34
2 - 32% - 30% - 15:59
3 - 19% - 20% - 9:21
4 - 8% - 10% - 4:11
PP Forward
1 - 55% - 60% - 2:12
2 - 45% - 40% - 1:46
PP Defense
1 - 63% - 60% - 2:30
2 - 37% - 40% - 1:28
PK Forward
1 - 73% - 60% - 4:20
2 - 27% - 40% - 1:37
PK Defense
1 - 59% - 60% - 3:31
2 - 41% - 40% - 2:26
PK3 Forward
1 - 0% - 60%
2 - 0% - 40%
PK3 Defense
1 - 0% - 60%
2 - 0% - 40%
44 Forward
1 - 87% - 60% - 2:02
2 - 13% - 40% - 0:18
44 Defense
1 - 58% - 60% - 1:21
2 - 42% - 40% - 0:59
Last Minute Offensive - 0:00
Last Minute Defensive - 0:00
Total
Forward - 62:20
Defense - 62:20
|
Play by Play
1st period
0:01 of 1st period - Drew Shore wins face-off versus Jonathan Marchessault in neutral zone.
0:06 of 1st period - Wrist shot by Filip Forsberg.
0:06 of 1st period - Shot Blocked by Matt Lashoff.
0:13 of 1st period - Off-side.
0:14 of 1st period - Vincent Trocheck wins face-off versus Nick Bjugstad in neutral zone.
0:21 of 1st period - Snap shot by Zach Boychuk.
0:21 of 1st period - Stopped by Corey Crawford with a rebound.
0:49 of 1st period - Snap shot by Jonathan Huberdeau.
0:49 of 1st period - Deflect By Martin Frk.
0:49 of 1st period - Shot Misses the Net.
0:49 of 1st period - Puck is out of play.
0:50 of 1st period - Jonathan Marchessault wins face-off versus Drew Shore in Sasquatch zone.
1:17 of 1st period - Sergey Kalinin is hit by Dmitrij Jaskin and loses puck.
1:27 of 1st period - Off-side.
1:28 of 1st period - Jared Boll wins face-off versus Nick Bjugstad in neutral zone.
1:53 of 1st period - Mark Mancari is hit by Filip Forsberg and loses puck.
2:20 of 1st period - Snap shot by Jonathan Huberdeau.
2:20 of 1st period - Shot Misses the Net.
2:56 of 1st period - Slapshot by Daniel Carr.
2:56 of 1st period - Shot Blocked by Jason Akeson.
2:58 of 1st period - Snap shot by Vincent Trocheck.
2:58 of 1st period - Stopped by Corey Crawford with a rebound.
3:04 of 1st period - Snap shot by Jared Boll.
3:04 of 1st period - Stopped by Corey Crawford with a rebound.
3:06 of 1st period - Snap shot by Jared Boll.
3:06 of 1st period - Deflect By Zach Boychuk.
3:06 of 1st period - Shot Misses the Net.
3:06 of 1st period - Puck is out of play.
3:07 of 1st period - Jonathan Marchessault wins face-off versus Nick Bjugstad in Sasquatch zone.
3:12 of 1st period - Snap shot by Ville Leino.
3:12 of 1st period - Shot Misses the Net.
3:39 of 1st period - Snap shot by Drew Shore.
3:39 of 1st period - Stopped by Richard Bachman without a rebound.
3:40 of 1st period - Melker Karlsson wins face-off versus William Karlsson in Sewer Rats zone.
3:41 of 1st period - Wrist shot by Brock Trotter.
3:41 of 1st period - Stopped by Richard Bachman with a rebound.
3:49 of 1st period - Martin Marincin is hit by Jonathan Huberdeau and loses puck.
4:10 of 1st period - Snap shot by Jason Akeson.
4:10 of 1st period - Stopped by Richard Bachman with a rebound.
4:12 of 1st period - Snap shot by Drew Shore.
4:12 of 1st period - Deflect By Jason Akeson.
4:12 of 1st period - Shot Blocked by Matt Lashoff.
4:12 of 1st period - Puck is out of play.
4:13 of 1st period - Drew Shore wins face-off versus Jonathan Marchessault in Sewer Rats zone.
4:20 of 1st period - Slapshot by Nick Leddy.
4:20 of 1st period - Shot Blocked by Mark Mancari.
4:34 of 1st period - Minor Penalty to Patrick Wey for Hooking.
4:35 of 1st period - Jonathan Marchessault wins face-off versus Drew Shore in Sasquatch zone.
4:50 of 1st period - Wrist shot by Mark Mancari.
4:50 of 1st period - Shot Misses the Net.
5:08 of 1st period - Slapshot by Jared Boll.
5:08 of 1st period - Shot Blocked by Sergey Kalinin.
5:10 of 1st period - Slapshot by Mattias Ekholm.
5:10 of 1st period - Deflect By Vincent Trocheck.
5:10 of 1st period - Shot Misses the Net.
5:10 of 1st period - Puck is out of play.
5:11 of 1st period - Jonathan Marchessault wins face-off versus Drew Shore in Sasquatch zone.
5:47 of 1st period - Matt Taormina is hit by Jarred Tinordi and loses puck.
6:04 of 1st period - Mark Mancari is hit by Martin Marincin and loses puck.
6:33 of 1st period - Mattias Ekholm is hit by Matt Halischuk and loses puck.
6:34 of 1st period - Penalty to Patrick Wey is over, Patrick Wey is back on ice.
6:49 of 1st period - Off-side.
6:50 of 1st period - Jonathan Huberdeau wins face-off versus Nick Bjugstad in neutral zone.
7:24 of 1st period - Snap shot by Daniel Carr.
7:24 of 1st period - Shot Misses the Net.
7:30 of 1st period - Minor Penalty to Filip Forsberg for Holding.
7:31 of 1st period - Drew Shore wins face-off versus Jonathan Marchessault in Sasquatch zone.
8:27 of 1st period - Steven Kampfer is hit by Matt Halischuk and loses puck.
8:40 of 1st period - Brandon Gormley is hit by Mark Mancari and loses puck.
9:21 of 1st period - Mark Mancari is hit by Sergey Kalinin and loses puck.
9:28 of 1st period - Martin Marincin is hit by Steven Kampfer.
9:30 of 1st period - Penalty to Filip Forsberg is over, Filip Forsberg is back on ice.
10:08 of 1st period - Patrick Wey is hit by John Ramage and loses puck.
10:09 of 1st period - Patrick Wey from Sasquatch is injured at 10:09 of 1st period (Sore Left Knee).
10:10 of 1st period - Drew Shore wins face-off versus Mark Mancari in Sasquatch zone.
11:38 of 1st period - Minor Penalty to John Ramage for Roughing.
11:39 of 1st period - Ville Leino wins face-off versus Drew Shore in Sewer Rats zone.
11:39 of 1st period - Ville Leino is hit by Drew Shore.
12:40 of 1st period - Slapshot by Steven Kampfer.
12:40 of 1st period - Shot Misses the Net.
13:38 of 1st period - Penalty to John Ramage is over, John Ramage is back on ice.
14:07 of 1st period - Ryan Murphy is hit by Teemu Hartikainen and loses puck.
14:14 of 1st period - Slapshot by Jonathan Huberdeau.
14:14 of 1st period - Shot Misses the Net.
14:16 of 1st period - Slapshot by John Ramage.
14:16 of 1st period - Shot Blocked by Sergey Kalinin.
14:49 of 1st period - Zach Boychuk is hit by Nick Leddy.
14:53 of 1st period - Matt Halischuk is hit by Zach Boychuk and loses puck.
15:25 of 1st period - Jarred Tinordi is hit by Jason Akeson and loses puck.
15:48 of 1st period - Off-side.
15:49 of 1st period - Jared Boll wins face-off versus Nick Bjugstad in neutral zone.
16:24 of 1st period - Snap shot by Drew Shore.
16:24 of 1st period - Shot Misses the Net.
16:38 of 1st period - Jonathan Huberdeau is hit by Brandon Gormley and loses puck.
17:02 of 1st period - Snap shot by Jonathan Huberdeau.
17:02 of 1st period - Stopped by Corey Crawford with a rebound.
18:08 of 1st period - Wrist shot by Matt Lashoff.
18:08 of 1st period - Shot Misses the Net.
18:23 of 1st period - Icing by Matt Lashoff.
18:24 of 1st period - Jonathan Marchessault wins face-off versus Sergey Kalinin in Sewer Rats zone.
18:35 of 1st period - Snap shot by Zach Boychuk.
18:35 of 1st period - Stopped by Corey Crawford with a rebound.
18:37 of 1st period - Backhand shot by Zach Boychuk.
18:37 of 1st period - Shot Misses the Net.
18:39 of 1st period - Wrist shot by Jared Boll.
18:39 of 1st period - Shot Misses the Net.
18:51 of 1st period - Jonathan Marchessault is hit by Slava Voynov and loses puck.
19:06 of 1st period - Minor Penalty to Jarred Tinordi for Holding.
19:07 of 1st period - Ville Leino wins face-off versus Drew Shore in Sewer Rats zone.
19:07 of 1st period - Ville Leino is hit by Brandon Gormley.
19:39 of 1st period - Off-side.
19:40 of 1st period - Nick Bjugstad wins face-off versus Zach Boychuk in neutral zone.
19:54 of 1st period - Mattias Ekholm is hit by Jason Zucker and loses puck.
Goals for this period are 0 for Sasquatch vs 0 for Sewer Rats.
Shots for this period are 3 for Sasquatch vs 5 for Sewer Rats.
2nd period
0:01 of 2nd period - Drew Shore wins face-off versus Ville Leino in neutral zone.
0:38 of 2nd period - Snap shot by Ville Leino.
0:38 of 2nd period - Shot Misses the Net.
0:54 of 2nd period - Wrist shot by Jason Akeson.
0:54 of 2nd period - Stopped by Richard Bachman with a rebound.
1:06 of 2nd period - Penalty to Jarred Tinordi is over, Jarred Tinordi is back on ice.
1:08 of 2nd period - Jarred Tinordi is hit by Matt Taormina and loses puck.
1:29 of 2nd period - Zach Boychuk is hit by Brock Trotter and loses puck.
1:40 of 2nd period - Snap shot by Sergey Kalinin.
1:40 of 2nd period - Shot Misses the Net.
1:42 of 2nd period - Slapshot by Slava Voynov.
1:42 of 2nd period - Stopped by Richard Bachman with a rebound.
2:17 of 2nd period - Off-side.
2:18 of 2nd period - Nick Cousins wins face-off versus Melker Karlsson in neutral zone.
2:51 of 2nd period - Zach Boychuk is hit by Drew Shore and loses puck.
3:08 of 2nd period - Brandon Gormley is hit by Mark Mancari and loses puck.
3:25 of 2nd period - Mattias Ekholm is hit by Nick Bjugstad and loses puck.
3:36 of 2nd period - Wrist shot by Matt Halischuk.
3:36 of 2nd period - Shot Blocked by Matt Lashoff.
3:48 of 2nd period - Slapshot by Matt Lashoff.
3:48 of 2nd period - Deflect By Slava Voynov.
3:48 of 2nd period - Stopped by Corey Crawford with a rebound.
3:54 of 2nd period - Snap shot by Lauri Tukonen.
3:54 of 2nd period - Shot Misses the Net.
3:56 of 2nd period - Slapshot by Lauri Tukonen.
3:56 of 2nd period - Stopped by Richard Bachman with a rebound.
4:12 of 2nd period - Snap shot by Zach Boychuk.
4:12 of 2nd period - Shot Blocked by Sergey Kalinin.
4:14 of 2nd period - Snap shot by Jared Boll.
4:14 of 2nd period - Deflect By Sergey Kalinin.
4:14 of 2nd period - Shot Blocked by Martin Marincin.
4:14 of 2nd period - Puck is out of play.
4:15 of 2nd period - Ville Leino wins face-off versus Matt Halischuk in Sasquatch zone.
4:24 of 2nd period - Snap shot by Matt Halischuk.
4:24 of 2nd period - Stopped by Richard Bachman without a rebound.
4:25 of 2nd period - Nick Bjugstad wins face-off versus Jonathan Marchessault in Sewer Rats zone.
4:42 of 2nd period - Wrist shot by Nick Bjugstad.
4:42 of 2nd period - Stopped by Richard Bachman with a rebound.
4:44 of 2nd period - Snap shot by Matt Halischuk.
4:44 of 2nd period - Stopped by Richard Bachman without a rebound.
4:45 of 2nd period - Vincent Trocheck wins face-off versus Drew Shore in Sewer Rats zone.
4:45 of 2nd period - Vincent Trocheck is hit by Filip Forsberg.
5:31 of 2nd period - Slapshot by Lauri Tukonen.
5:31 of 2nd period - Stopped by Richard Bachman with a rebound.
5:33 of 2nd period - Slapshot by Martin Marincin.
5:33 of 2nd period - Stopped by Richard Bachman with a rebound.
5:35 of 2nd period - Wrist shot by Martin Marincin.
5:35 of 2nd period - Shot Misses the Net.
5:37 of 2nd period - Wrist shot by Melker Karlsson.
5:37 of 2nd period - Shot Misses the Net.
6:02 of 2nd period - Wrist shot by Dmitrij Jaskin.
6:02 of 2nd period - Shot Misses the Net.
6:22 of 2nd period - Zach Boychuk is hit by Jason Akeson and loses puck.
6:37 of 2nd period - Snap shot by Nick Leddy.
6:37 of 2nd period - Stopped by Richard Bachman with a rebound.
6:47 of 2nd period - Snap shot by Ville Leino.
6:47 of 2nd period - Shot Blocked by Nick Leddy.
6:53 of 2nd period - Mark Mancari is hit by Brock Trotter.
7:11 of 2nd period - Jason Zucker is hit by Jonathan Racine and loses puck.
7:29 of 2nd period - Off-side.
7:30 of 2nd period - Vincent Trocheck wins face-off versus Drew Shore in neutral zone.
7:55 of 2nd period - Matt Taormina is hit by Jonathan Huberdeau and loses puck.
8:13 of 2nd period - Off-side.
8:14 of 2nd period - Nick Cousins wins face-off versus Melker Karlsson in neutral zone.
8:17 of 2nd period - Wrist shot by Daniel Carr.
8:17 of 2nd period - Deflect By Brock Trotter.
8:17 of 2nd period - Stopped by Corey Crawford without a rebound.
8:18 of 2nd period - Nick Cousins wins face-off versus Melker Karlsson in Sasquatch zone.
8:19 of 2nd period - Snap shot by Daniel Carr.
8:19 of 2nd period - Shot Misses the Net.
8:21 of 2nd period - Slapshot by Steven Kampfer.
8:21 of 2nd period - Shot Blocked by Brandon Gormley.
8:23 of 2nd period - Slapshot by Jarred Tinordi.
8:23 of 2nd period - Shot Blocked by Brock Trotter.
8:25 of 2nd period - Slapshot by Jarred Tinordi.
8:25 of 2nd period - Stopped by Corey Crawford without a rebound.
8:26 of 2nd period - Filip Forsberg wins face-off versus Jonathan Marchessault in Sasquatch zone.
9:10 of 2nd period - Off-side.
9:11 of 2nd period - William Karlsson wins face-off versus Melker Karlsson in neutral zone.
9:45 of 2nd period - Slapshot by Brock Trotter.
9:45 of 2nd period - Shot Blocked by Matt Lashoff.
9:47 of 2nd period - Snap shot by Brock Trotter.
9:47 of 2nd period - Deflect By Mattias Ekholm.
9:47 of 2nd period - Goal by Brock Trotter - Sasquatch : 1 - Sewer Rats : 0.
9:48 of 2nd period - Drew Shore wins face-off versus Jonathan Marchessault in neutral zone.
9:51 of 2nd period - Slapshot by Brandon Gormley.
9:51 of 2nd period - Stopped by Richard Bachman with a rebound.
9:57 of 2nd period - Wrist shot by Filip Forsberg.
9:57 of 2nd period - Stopped by Richard Bachman with a rebound.
10:01 of 2nd period - Wrist shot by Drew Shore.
10:01 of 2nd period - Stopped by Richard Bachman with a rebound.
10:03 of 2nd period - Wrist shot by Drew Shore.
10:03 of 2nd period - Deflect By Filip Forsberg.
10:03 of 2nd period - Shot Misses the Net.
10:03 of 2nd period - Puck is out of play.
10:04 of 2nd period - Vincent Trocheck wins face-off versus Nick Bjugstad in Sewer Rats zone.
10:09 of 2nd period - Mattias Ekholm is hit by Matt Taormina and loses puck.
10:18 of 2nd period - Slapshot by Matt Halischuk.
10:18 of 2nd period - Goal by Matt Halischuk - Sasquatch : 2 - Sewer Rats : 0.
10:19 of 2nd period - Jonathan Marchessault wins face-off versus Drew Shore in neutral zone.
10:22 of 2nd period - Slapshot by Mattias Ekholm.
10:22 of 2nd period - Stopped by Corey Crawford with a rebound.
10:24 of 2nd period - Wrist shot by Mark Mancari.
10:24 of 2nd period - Shot Blocked by Brandon Gormley.
10:30 of 2nd period - Wrist shot by Jonathan Marchessault.
10:30 of 2nd period - Shot Misses the Net.
10:32 of 2nd period - Snap shot by Jonathan Marchessault.
10:32 of 2nd period - Deflect By Matt Taormina.
10:32 of 2nd period - Stopped by Corey Crawford with a rebound.
10:34 of 2nd period - Slapshot by Jonathan Marchessault.
10:34 of 2nd period - Shot Misses the Net.
10:53 of 2nd period - Wrist shot by Matt Halischuk.
10:53 of 2nd period - Stopped by Richard Bachman with a rebound.
11:06 of 2nd period - Off-side.
11:07 of 2nd period - Lauri Tukonen wins face-off versus William Karlsson in neutral zone.
11:10 of 2nd period - Slapshot by Slava Voynov.
11:10 of 2nd period - Stopped by Richard Bachman without a rebound.
11:11 of 2nd period - William Karlsson wins face-off versus Melker Karlsson in Sewer Rats zone.
11:11 of 2nd period - William Karlsson is hit by Lauri Tukonen.
11:21 of 2nd period - Backhand shot by Martin Frk.
11:21 of 2nd period - Shot Blocked by Melker Karlsson.
11:23 of 2nd period - Slapshot by Matt Lashoff.
11:23 of 2nd period - Shot Misses the Net.
11:25 of 2nd period - Wrist shot by Jonathan Huberdeau.
11:25 of 2nd period - Stopped by Corey Crawford without a rebound.
11:26 of 2nd period - Jonathan Marchessault wins face-off versus Drew Shore in Sasquatch zone.
11:27 of 2nd period - Snap shot by Mark Mancari.
11:27 of 2nd period - Goal by Mark Mancari - Sasquatch : 2 - Sewer Rats : 1.
11:28 of 2nd period - Jonathan Marchessault wins face-off versus Drew Shore in neutral zone.
12:18 of 2nd period - Off-side.
12:19 of 2nd period - William Karlsson wins face-off versus Melker Karlsson in neutral zone.
12:24 of 2nd period - Snap shot by Jonathan Huberdeau.
12:24 of 2nd period - Shot Blocked by Melker Karlsson.
12:26 of 2nd period - Snap shot by William Karlsson.
12:26 of 2nd period - Stopped by Corey Crawford with a rebound.
12:34 of 2nd period - Slapshot by Jonathan Huberdeau.
12:34 of 2nd period - Goal by Jonathan Huberdeau - Sasquatch : 2 - Sewer Rats : 2.
12:35 of 2nd period - Jonathan Marchessault wins face-off versus Drew Shore in neutral zone.
13:10 of 2nd period - Snap shot by Jared Boll.
13:10 of 2nd period - Stopped by Corey Crawford with a rebound.
13:12 of 2nd period - Snap shot by Zach Boychuk.
13:12 of 2nd period - Stopped by Corey Crawford with a rebound.
13:14 of 2nd period - Wrist shot by Zach Boychuk.
13:14 of 2nd period - Shot Misses the Net.
13:28 of 2nd period - Slapshot by Nick Bjugstad.
13:28 of 2nd period - Shot Misses the Net.
13:32 of 2nd period - Snap shot by Matt Halischuk.
13:32 of 2nd period - Stopped by Richard Bachman with a rebound.
13:34 of 2nd period - Wrist shot by Matt Halischuk.
13:34 of 2nd period - Deflect By Nick Bjugstad.
13:34 of 2nd period - Shot Misses the Net.
13:34 of 2nd period - Puck is out of play.
13:35 of 2nd period - Jonathan Marchessault wins face-off versus Drew Shore in Sewer Rats zone.
13:39 of 2nd period - Off-side.
13:40 of 2nd period - Drew Shore wins face-off versus Jonathan Marchessault in neutral zone.
13:43 of 2nd period - Ville Leino is hit by Jason Akeson.
14:29 of 2nd period - Slapshot by Brandon Gormley.
14:29 of 2nd period - Deflect By Teemu Hartikainen.
14:29 of 2nd period - Shot Misses the Net.
14:29 of 2nd period - Puck is out of play.
14:30 of 2nd period - Sergey Kalinin wins face-off versus Jonathan Huberdeau in Sewer Rats zone.
14:31 of 2nd period - Snap shot by Petr Straka.
14:31 of 2nd period - Stopped by Richard Bachman without a rebound.
14:32 of 2nd period - William Karlsson wins face-off versus Sergey Kalinin in Sewer Rats zone.
14:37 of 2nd period - Backhand shot by Sergey Kalinin.
14:37 of 2nd period - Shot Blocked by John Ramage.
14:39 of 2nd period - Snap shot by Sergey Kalinin.
14:39 of 2nd period - Stopped by Richard Bachman with a rebound.
14:41 of 2nd period - Slapshot by Slava Voynov.
14:41 of 2nd period - Stopped by Richard Bachman with a rebound.
14:43 of 2nd period - Wrist shot by Teemu Hartikainen.
14:43 of 2nd period - Stopped by Richard Bachman without a rebound.
14:44 of 2nd period - Jonathan Marchessault wins face-off versus Drew Shore in Sewer Rats zone.
14:57 of 2nd period - Slapshot by Slava Voynov.
14:57 of 2nd period - Shot Blocked by Mark Mancari.
14:59 of 2nd period - Snap shot by Jason Akeson.
14:59 of 2nd period - Stopped by Richard Bachman without a rebound.
15:00 of 2nd period - Vincent Trocheck wins face-off versus Nick Bjugstad in Sewer Rats zone.
15:37 of 2nd period - Slapshot by Nick Leddy.
15:37 of 2nd period - Shot Misses the Net.
15:43 of 2nd period - Wrist shot by Jason Zucker.
15:43 of 2nd period - Shot Misses the Net.
15:47 of 2nd period - Wrist shot by Matt Halischuk.
15:47 of 2nd period - Stopped by Richard Bachman with a rebound.
16:10 of 2nd period - Wrist shot by Nick Bjugstad.
16:10 of 2nd period - Stopped by Richard Bachman without a rebound.
16:11 of 2nd period - Jonathan Marchessault wins face-off versus Drew Shore in Sewer Rats zone.
16:36 of 2nd period - Martin Marincin is hit by Dmitrij Jaskin and loses puck.
16:59 of 2nd period - Snap shot by Daniel Carr.
16:59 of 2nd period - Stopped by Corey Crawford without a rebound.
17:00 of 2nd period - Sergey Kalinin wins face-off versus Vincent Trocheck in Sasquatch zone.
17:10 of 2nd period - Wrist shot by Zach Boychuk.
17:10 of 2nd period - Deflect By Vincent Trocheck.
17:10 of 2nd period - Shot Blocked by Brandon Gormley.
17:10 of 2nd period - Puck is out of play.
17:11 of 2nd period - Jonathan Marchessault wins face-off versus Drew Shore in Sasquatch zone.
17:20 of 2nd period - Slapshot by Drew Shore.
17:20 of 2nd period - Stopped by Richard Bachman without a rebound.
17:21 of 2nd period - Drew Shore wins face-off versus Jonathan Marchessault in Sewer Rats zone.
17:24 of 2nd period - Snap shot by Jason Akeson.
17:24 of 2nd period - Deflect By Drew Shore.
17:24 of 2nd period - Shot Blocked by Matt Lashoff.
17:24 of 2nd period - Puck is out of play.
17:25 of 2nd period - Jonathan Marchessault wins face-off versus Drew Shore in Sewer Rats zone.
17:29 of 2nd period - Off-side.
17:30 of 2nd period - Jonathan Marchessault wins face-off versus Drew Shore in neutral zone.
18:45 of 2nd period - Off-side.
18:46 of 2nd period - Drew Shore wins face-off versus Jonathan Marchessault in neutral zone.
19:58 of 2nd period - Snap shot by Teemu Hartikainen.
19:58 of 2nd period - Deflect By Sergey Kalinin.
19:58 of 2nd period - Shot Misses the Net.
19:58 of 2nd period - Puck is out of play.
19:59 of 2nd period - Jonathan Marchessault wins face-off versus Sergey Kalinin in Sewer Rats zone.
Goals for this period are 2 for Sasquatch vs 2 for Sewer Rats.
Shots for this period are 25 for Sasquatch vs 12 for Sewer Rats.
3rd period
0:01 of 3rd period - Drew Shore wins face-off versus Jonathan Marchessault in neutral zone.
0:53 of 3rd period - Slapshot by Matt Lashoff.
0:53 of 3rd period - Shot Misses the Net.
1:12 of 3rd period - Wrist shot by Martin Frk.
1:12 of 3rd period - Stopped by Corey Crawford with a rebound.
1:28 of 3rd period - Matt Lashoff is hit by Jason Akeson and loses puck.
1:53 of 3rd period - Slapshot by Dmitrij Jaskin.
1:53 of 3rd period - Stopped by Corey Crawford without a rebound.
1:54 of 3rd period - Jared Boll wins face-off versus Drew Shore in Sasquatch zone.
1:57 of 3rd period - Slapshot by Jared Boll.
1:57 of 3rd period - Shot Misses the Net.
2:07 of 3rd period - Snap shot by Jason Akeson.
2:07 of 3rd period - Stopped by Richard Bachman with a rebound.
2:09 of 3rd period - Slapshot by Brandon Gormley.
2:09 of 3rd period - Shot Blocked by Zach Boychuk.
2:15 of 3rd period - Minor Penalty to Vincent Trocheck for High sticking.
2:16 of 3rd period - Drew Shore wins face-off versus Ville Leino in Sewer Rats zone.
2:23 of 3rd period - Wrist shot by Jason Akeson.
2:23 of 3rd period - Shot Blocked by Steven Kampfer.
4:11 of 3rd period - Martin Marincin is hit by Jared Boll and loses puck.
4:15 of 3rd period - Penalty to Vincent Trocheck is over, Vincent Trocheck is back on ice.
4:34 of 3rd period - Slapshot by Matt Lashoff.
4:34 of 3rd period - Stopped by Corey Crawford with a rebound.
5:14 of 3rd period - Snap shot by Brock Trotter.
5:14 of 3rd period - Stopped by Richard Bachman without a rebound.
5:15 of 3rd period - Vincent Trocheck wins face-off versus Melker Karlsson in Sewer Rats zone.
5:45 of 3rd period - Snap shot by Filip Forsberg.
5:45 of 3rd period - Stopped by Richard Bachman without a rebound.
5:46 of 3rd period - Drew Shore wins face-off versus Jonathan Marchessault in Sewer Rats zone.
5:47 of 3rd period - Snap shot by Jason Akeson.
5:47 of 3rd period - Stopped by Richard Bachman without a rebound.
5:48 of 3rd period - Mark Mancari wins face-off versus Drew Shore in Sewer Rats zone.
5:53 of 3rd period - Snap shot by Ville Leino.
5:53 of 3rd period - Shot Blocked by Slava Voynov.
5:55 of 3rd period - Wrist shot by Mark Mancari.
5:55 of 3rd period - Shot Misses the Net.
6:03 of 3rd period - Snap shot by Ville Leino.
6:03 of 3rd period - Shot Misses the Net.
6:46 of 3rd period - Icing by Brandon Gormley.
6:47 of 3rd period - Jonathan Marchessault wins face-off versus Melker Karlsson in Sasquatch zone.
6:48 of 3rd period - Snap shot by Mark Mancari.
6:48 of 3rd period - Stopped by Corey Crawford with a rebound.
6:54 of 3rd period - Steven Kampfer is hit by Brock Trotter and loses puck.
7:35 of 3rd period - Slapshot by Brandon Gormley.
7:35 of 3rd period - Shot Misses the Net.
7:37 of 3rd period - Snap shot by Matt Halischuk.
7:37 of 3rd period - Goal by Matt Halischuk - Sasquatch : 3 - Sewer Rats : 2.
7:38 of 3rd period - Drew Shore wins face-off versus Jonathan Marchessault in neutral zone.
8:05 of 3rd period - Martin Marincin is hit by Matt Lashoff and loses puck.
8:50 of 3rd period - Snap shot by Jason Akeson.
8:50 of 3rd period - Stopped by Richard Bachman with a rebound.
9:32 of 3rd period - Wrist shot by Melker Karlsson.
9:32 of 3rd period - Stopped by Richard Bachman with a rebound.
9:34 of 3rd period - Snap shot by Melker Karlsson.
9:34 of 3rd period - Stopped by Richard Bachman with a rebound.
9:36 of 3rd period - Slapshot by Melker Karlsson.
9:36 of 3rd period - Stopped by Richard Bachman without a rebound.
9:37 of 3rd period - Drew Shore wins face-off versus Jonathan Marchessault in Sewer Rats zone.
10:09 of 3rd period - Slapshot by Nick Bjugstad.
10:09 of 3rd period - Stopped by Richard Bachman with a rebound.
11:54 of 3rd period - Snap shot by Jonathan Huberdeau.
11:54 of 3rd period - Stopped by Corey Crawford with a rebound.
11:56 of 3rd period - Slapshot by Jarred Tinordi.
11:56 of 3rd period - Stopped by Corey Crawford with a rebound.
12:06 of 3rd period - Wrist shot by Mark Mancari.
12:06 of 3rd period - Stopped by Corey Crawford without a rebound.
12:07 of 3rd period - Jonathan Marchessault wins face-off versus Drew Shore in Sasquatch zone.
12:22 of 3rd period - Slapshot by Ville Leino.
12:22 of 3rd period - Goal by Ville Leino - Sasquatch : 3 - Sewer Rats : 3.
12:23 of 3rd period - Jonathan Marchessault wins face-off versus Jason Akeson in neutral zone.
13:16 of 3rd period - Mattias Ekholm is hit by Lauri Tukonen and loses puck.
14:41 of 3rd period - Slapshot by Jonathan Huberdeau.
14:41 of 3rd period - Goal by Jonathan Huberdeau - Sasquatch : 3 - Sewer Rats : 4.
14:42 of 3rd period - Drew Shore wins face-off versus Jonathan Marchessault in neutral zone.
14:53 of 3rd period - Off-side.
14:54 of 3rd period - Jonathan Marchessault wins face-off versus Drew Shore in neutral zone.
14:59 of 3rd period - Wrist shot by Mark Mancari.
14:59 of 3rd period - Shot Misses the Net.
15:01 of 3rd period - Snap shot by Jonathan Marchessault.
15:01 of 3rd period - Shot Misses the Net.
15:05 of 3rd period - Wrist shot by Ville Leino.
15:05 of 3rd period - Shot Misses the Net.
15:09 of 3rd period - Wrist shot by Ville Leino.
15:09 of 3rd period - Shot Blocked by Filip Forsberg.
15:19 of 3rd period - Filip Forsberg is hit by Martin Frk and loses puck.
15:32 of 3rd period - Backhand shot by Filip Forsberg.
15:32 of 3rd period - Shot Misses the Net.
15:38 of 3rd period - Snap shot by Drew Shore.
15:38 of 3rd period - Stopped by Richard Bachman with a rebound.
15:40 of 3rd period - Slapshot by Drew Shore.
15:40 of 3rd period - Goal by Drew Shore - Sasquatch : 4 - Sewer Rats : 4.
15:41 of 3rd period - Jonathan Marchessault wins face-off versus Nick Bjugstad in neutral zone.
15:44 of 3rd period - Jason Zucker is hit by Ville Leino and loses puck.
15:49 of 3rd period - Backhand shot by Mark Mancari.
15:49 of 3rd period - Shot Blocked by Brandon Gormley.
15:51 of 3rd period - Snap shot by Jonathan Marchessault.
15:51 of 3rd period - Shot Misses the Net.
15:53 of 3rd period - Snap shot by Jarred Tinordi.
15:53 of 3rd period - Stopped by Corey Crawford with a rebound.
15:55 of 3rd period - Slapshot by Jarred Tinordi.
15:55 of 3rd period - Shot Blocked by Matt Taormina.
16:31 of 3rd period - Snap shot by Filip Forsberg.
16:31 of 3rd period - Shot Blocked by Matt Lashoff.
16:47 of 3rd period - Slava Voynov is hit by Matt Lashoff.
17:11 of 3rd period - Wrist shot by Ville Leino.
17:11 of 3rd period - Stopped by Corey Crawford without a rebound.
17:12 of 3rd period - Jonathan Marchessault wins face-off versus Nick Bjugstad in Sasquatch zone.
18:19 of 3rd period - Jonathan Marchessault is hit by Nick Bjugstad.
18:55 of 3rd period - Icing by Martin Marincin.
18:56 of 3rd period - Filip Forsberg wins face-off versus Jonathan Marchessault in Sasquatch zone.
19:28 of 3rd period - Jonathan Marchessault is hit by Jason Akeson and loses puck.
Goals for this period are 2 for Sasquatch vs 2 for Sewer Rats.
Shots for this period are 12 for Sasquatch vs 11 for Sewer Rats.
Overtime #1
0:01 of 1st overtime period - Nick Bjugstad wins face-off versus Ville Leino in neutral zone.
0:14 of 1st overtime period - Slapshot by Nick Bjugstad.
0:14 of 1st overtime period - Shot Misses the Net.
0:28 of 1st overtime period - Mattias Ekholm is hit by Brandon Gormley and loses puck.
0:42 of 1st overtime period - Off-side.
0:43 of 1st overtime period - Drew Shore wins face-off versus Jonathan Huberdeau in neutral zone.
1:21 of 1st overtime period - Ville Leino is hit by Martin Marincin and loses puck.
2:08 of 1st overtime period - Icing by Slava Voynov.
2:09 of 1st overtime period - Jonathan Huberdeau wins face-off versus Jason Zucker in Sasquatch zone.
2:12 of 1st overtime period - Snap shot by Daniel Carr.
2:12 of 1st overtime period - Shot Misses the Net.
2:14 of 1st overtime period - Snap shot by Jonathan Huberdeau.
2:14 of 1st overtime period - Shot Misses the Net.
2:16 of 1st overtime period - Slapshot by Matt Lashoff.
2:16 of 1st overtime period - Deflect By Daniel Carr.
2:16 of 1st overtime period - Stopped by Corey Crawford with a rebound.
2:18 of 1st overtime period - Snap shot by Jonathan Huberdeau.
2:18 of 1st overtime period - Stopped by Corey Crawford with a rebound.
2:20 of 1st overtime period - Slapshot by Matt Lashoff.
2:20 of 1st overtime period - Goal by Matt Lashoff - Sasquatch : 4 - Sewer Rats : 5.
Goals for this period are 0 for Sasquatch vs 1 for Sewer Rats.
Shots for this period are 0 for Sasquatch vs 3 for Sewer Rats.
Back to the Top